AoeStats
← Infadel

Arabia

507916120Analyzed
1v1 RM · 13d ago on Sep 20, 2026· 31m 7s· 2 players
Game mode
Random Map
Map size
Tiny (2 player)
Population
200
Speed
Normal
Resources
Standard
Victory
Conquest
Starting age
Dark Age
Ending age
Imperial Age
RankedLock teamsTeams togetherTeam positionsShared explorationLock speedFull tech treeHidden civsTurbo modeCheats
Victory
Defeat
🇨🇱 Vietnamese · Chile
1063
+16
🇮🇳 Magyars · India
1069
-16
P4ND4
7:12 Loom
10:02 Feudal Age
10:49 Double-Bit Axe
10:45 Horse Collar
18:11 Padded Archer Armor
18:03 Fletching
20:03 Wheelbarrow
23:22 Castle Age
22:13 Padded Archer Armor
22:26 Forging
24:11 Bloodlines
23:23 Crossbowman
30:12 Bow Saw
30:08 Heavy Plow
30:18 Scale Barding Armor
31:44 Ballistics
Infadel
7:56 Loom
9:52 Feudal Age
10:57 Double-Bit Axe
11:58 Loom
21:19 Horse Collar
26:54 Castle Age
24:58 Padded Archer Armor
27:13 Pikeman
30:18 Bow Saw
30:22 Fletching
31:13 Wheelbarrow
30:24 Town Watch
31:17 Bodkin Arrow
Connection lost

Rejoining the realm…

Still unreachable

The connection could not be restored.

Session expired

The server has moved on; the page needs a fresh start.